 Dungeon Crawl Stone Soup version 0.20.1-1-g8b1a95d (webtiles) character file.

10270 Irenicus the Martial Artist (level 11, -5/92 HPs)
             Began as a Deep Dwarf Monk on Oct 18, 2017.
             Was a High Priest of Makhleb.
             Slain by a hornet (10 damage)
             ... on level 11 of the Dungeon.
             The game lasted 00:36:58 (8924 turns).

Irenicus the Martial Artist (Deep Dwarf Monk)       Turns: 8924, Time: 00:36:59

Health: -5/92      AC:  8    Str: 14    XL:     11   Next: 34%
Magic:  15/15      EV: 18    Int: 12    God:    Makhleb [*****.]
Gold:   623        SH:  4    Dex: 18    Spells: 10/10 levels left

rFire    + . .     SeeInvis .     - Unarmed
rCold    + + .     Gourm    .   a - +0 buckler
rNeg     . . .     Faith    .   j - +0 leather armour
rPois    .         Spirit   .   k - +0 hat
rElec    .         Reflect  .   K - +1 cloak
rCorr    .         Harm     .   c - +1 pair of gloves
MR       +....                  M - +0 pair of boots
Stlth    ++........             u - amulet of rage
Regen    0.0/turn               O - ring of protection from cold
MPRegen  0.2/turn               W - ring of protection from cold

@: lethally poisoned (-5 -> -5), non-regenerating, slowed, very slow
A: damage resistance, heal wounds, hooves 1, fire resistance 1, mutation
resistance 1, sense surroundings 2, no regeneration
a: Heal Wounds, Minor Destruction, Lesser Servant of Makhleb, Major Destruction,
Greater Servant of Makhleb, Renounce Religion, Evoke Berserk Rage


You were on level 11 of the Dungeon.
You worshipped Makhleb.
Makhleb was extremely pleased with you.
You were not hungry.

You visited 1 branch of the dungeon, and saw 11 of its levels.
You also visited: Sewer.

You collected 623 gold pieces.

Inventory:

Hand Weapons
 G - a +0 hand crossbow
Missiles
 P - 23 bolts
Armour
 a - a +0 buckler (worn)
 c - a +1 pair of gloves (worn)
 j - a +0 leather armour (worn)
 k - a +0 hat (worn)
 K - a +1 cloak (worn)
 M - a +0 pair of boots (worn)
Magical Staves
 E - an uncursed staff of air
 N - an uncursed staff of earth
Jewellery
 f - an uncursed ring of fire
 r - an uncursed ring of resist corrosion
 u - an amulet of rage (around neck)
 z - an uncursed ring of protection from magic
 D - an uncursed ring of wizardry
 H - a +4 ring of intelligence
 O - a ring of protection from cold (left hand)
 V - an uncursed amulet of harm {unknown}
 W - a ring of protection from cold (right hand)
Wands
 s - a wand of lightning (2/15)
 F - a wand of paralysis (4/24)
 Q - a wand of disintegration (10/24)
 T - a wand of lightning (8/15)
 U - a wand of acid (5/15)
 X - a wand of iceblast (3/15)
 Y - a wand of random effects (18/48)
Scrolls
 h - a scroll of enchant armour
 i - 2 scrolls of fog
 l - 4 scrolls of amnesia
 m - a scroll of vulnerability {unknown}
 n - a scroll of noise {unknown}
 p - a scroll of fear {unknown}
 t - 5 scrolls of remove curse
 w - 5 scrolls of teleportation {unknown}
 x - 9 scrolls of identify
 y - a scroll of immolation {unknown}
 C - a scroll of recharging
 L - a scroll of enchant weapon {unknown}
Potions
 e - 4 potions of curing
 g - 3 potions of haste
 v - a potion of lignification
 A - 2 potions of flight
 I - a potion of magic {unknown}
 J - 3 potions of cancellation {unknown}
 R - a potion of heal wounds
Books
 S - a book of Frost

   Spells                             Type                      Level
   a - Freeze                         Ice                          1
   b - Throw Frost                    Conjuration/Ice              2
   c - Ozocubu's Armour               Charms/Ice                   3
   d - Throw Icicle                   Conjuration/Ice              4
   e - Summon Ice Beast               Ice/Summoning                4
Comestibles
 b - 4 bread rations
 d - 11 royal jellies
 o - 3 meat rations
 q - 5 fruits
 B - a chunk of flesh


   Skills:
 - Level 4.0 Fighting
 - Level 4.0 Crossbows
 - Level 9.1 Dodging
 - Level 3.0 Stealth
 + Level 1.4 Shields
 - Level 12.1 Unarmed Combat
 - Level 9.1 Invocations
 - Level 4.0 Evocations


You had 10 spell levels left.
You didn't know any spells.

Dungeon Overview and Level Annotations

Branches:
Dungeon (11/15)            Temple (0/1) D:4            Lair (0/6) D:11
    Orc (0/2) D:9

Altars:
Makhleb
Okawaru
Ru
Sif Muna
Trog
Yredelemnul
The Shining One

Shops:
D:5 (   D:6 (   D:8 %   D:10 [


Innate Abilities, Weirdness & Mutations

You are resistant to damage.
You can heal yourself by infusing magical energy.
You passively map the area around you.
You do not regenerate.
You have large cloven feet.
Your flesh is heat resistant. (rF+)
You are somewhat resistant to further mutation.


Message History

You block the hornet's attack.
You hit the hornet but do no damage.
The hornet is almost dead.
The hornet stings you!
* * * LOW HITPOINT WARNING * * *
You are more poisoned.
You feel yourself slow down.
Press: ? - help, Shift-Dir - straight line, f/p - hornet
Aim: a hornet (almost dead)
The puff of flame misses the hornet.
You feel very sick.
The hornet barely misses you. x2; The hornet stings you!
* * * LOW HITPOINT WARNING * * *
You feel as though you will be slow longer.
Press: ? - help, Shift-Dir - straight line, f/p - hornet
Aim: a hornet (almost dead)
The hornet resists with significant effort.
You feel very sick. You block the hornet's attack. The hornet stings you!
You die...

+ ** + * ,, * ,, ,*
. , , ., ,,, * ,
*###. , * , #..,, ,
..# ,, * ,, #.# ,
..#* , . ,##.# ,,,
.. ... ,#..# * ..#
,,...§.+@.########.#
.....≈y§.§.≈.≈.≈.(#
##..≈..§≈§.§≈§§.≈.#
#.§.≈.≈§§.≈.§.≈.≈#
#....≈...§§..§...#
#(≈.≈.≈.§.≈.≈.≈.§#
#..≈...≈...≈...§.#
##≈.≈.≈.≈.§.≈.§.≈#
#...≈§..§...≈.§(#


You could see a hornet.

Vanquished Creatures
  A hydra (D:8)
  Erica (D:8)
  3 two-headed ogres
  A deep elf mage (D:9)
  A hornet (D:8)
  6 hippogriffs
  A wraith (D:11)
  A wyvern (D:8)
  3 hogs (D:10)
  A yak (D:10)
  A steam dragon (D:7)
  A human (D:10)
  A water moccasin (D:6)
  An orc warrior (D:6)
  2 ice beasts
  A black bear (D:9)
  7 ogres
  A phantom (D:5)
  2 sky beasts
  7 centaurs
  A crocodile (D:10)
  2 big kobolds
  6 bullfrogs
  4 scorpions
  A water moccasin skeleton (D:8)
  5 wights (D:10)
  A crimson imp (D:5)
  A centaur zombie (D:5)
  A lava snake (D:11)
  A bullfrog zombie (D:7)
  A jelly (D:5)
  2 bullfrog skeletons
  A gnoll shaman (D:6)
  6 hounds
  3 orc priests
  3 orc wizards
  4 iguanas
  4 centaur skeletons
  4 worker ants
  A hound zombie (D:10)
  2 worker ant zombies
  16 gnolls
  9 adders
  2 shadow imps
  2 worms (D:3)
  3 dart slugs (D:1)
  4 leopard geckos
  26 orcs
  4 bats
  5 giant cockroaches
  6 goblins
  7 hobgoblins
  20 jackals
  16 kobolds
  2 quokkas
  11 frilled lizards
  A jackal skeleton (D:5)
  3 quokka skeletons
  8 rats
242 creatures vanquished.

Notes
Turn   | Place    | Note
-------+----------+-------------------------------------------
     0 | D:1      | Irenicus the Deep Dwarf Monk began the quest for the Orb.
     0 | D:1      | Reached XP level 1. HP: 20/20 MP: 1/1
   143 | D:1      | Reached skill level 3 in Unarmed Combat
   197 | D:1      | Reached XP level 2. HP: 20/27 MP: 2/2
   673 | D:2      | Found a burning altar of Makhleb.
   676 | D:2      | Became a worshipper of Makhleb the Destroyer
   676 | D:2      | Reached * piety under Makhleb
   676 | D:2      | Reached ** piety under Makhleb
   729 | D:2      | Reached XP level 3. HP: 16/33 MP: 3/3
  1074 | D:2      | Reached skill level 4 in Unarmed Combat
  1557 | D:3      | Reached XP level 4. HP: 36/40 MP: 4/4
  1683 | D:3      | Reached *** piety under Makhleb
  1803 | D:3      | Found a basalt altar of Yredelemnul.
  1803 | D:3      | Found a sacrificial altar of Ru.
  1804 | D:3      | Found a bloodstained altar of Trog.
  2264 | D:3      | Reached skill level 5 in Unarmed Combat
  2264 | D:3      | Reached XP level 5. HP: 23/46 MP: 5/5
  2320 | D:4      | Found a burning altar of Makhleb.
  2334 | D:4      | Noticed a phantom
  2510 | D:4      | Reached skill level 1 in Evocations
  2654 | D:4      | Reached skill level 1 in Invocations
  2661 | D:4      | Reached XP level 6. HP: 48/55 MP: 8/8
  2815 | D:4      | Found a staircase to the Ecumenical Temple.
  2958 | D:5      | Entered Level 5 of the Dungeon
  3170 | D:5      | Reached skill level 6 in Unarmed Combat
  3170 | D:5      | Reached XP level 7. HP: 38/61 MP: 9/9
  3236 | D:5      | Reached **** piety under Makhleb
  3385 | D:5      | Found a glowing drain.
  3389 | Sewer    | Entered a sewer
  3523 | Sewer    | Found a white marble altar of Elyvilon.
  3812 | D:5      | Reached skill level 7 in Unarmed Combat
  4174 | D:5      | Found Moecusud's Antique Weapon Shop.
  4530 | D:6      | Found a glowing golden altar of the Shining One.
  4797 | D:6      | Reached skill level 8 in Unarmed Combat
  4797 | D:6      | Reached XP level 8. HP: 36/68 MP: 10/10
  4926 | D:6      | Reached skill level 9 in Unarmed Combat
  5126 | D:6      | Found Merphi Hyall's Weapon Shop.
  5417 | D:6      | Reached skill level 10 in Unarmed Combat
  5767 | D:7      | Gained mutation: You passively map the area around you. [Deep Dwarf growth]
  5767 | D:7      | Reached XP level 9. HP: 72/76 MP: 11/11
  6187 | D:7      | Gained mutation: Your flesh is heat resistant. (rF+) [mutagenic meat]
  6188 | D:7      | Gained mutation: You are somewhat resistant to further mutation. [mutagenic meat]
  6192 | D:7      | Gained mutation: You have large cloven feet. [mutagenic meat]
  6217 | D:7      | Reached ***** piety under Makhleb
  6586 | D:8      | Found a deep blue altar of Sif Muna.
  6636 | D:8      | Reached skill level 5 in Invocations
  6692 | D:8      | Found an iron altar of Okawaru.
  6906 | D:8      | Found Zavul's Food Boutique.
  7103 | D:8      | Noticed a two-headed ogre
  7116 | D:8      | Killed a two-headed ogre
  7116 | D:8      | Reached skill level 5 in Dodging
  7116 | D:8      | Reached XP level 10. HP: 85/85 MP: 15/15
  7181 | D:8      | Noticed a four-headed hydra
  7192 | D:8      | Killed a four-headed hydra
  7269 | D:8      | Noticed Erica
  7287 | D:8      | Killed Erica
  7389 | D:9      | Found a staircase to the Orcish Mines.
  7444 | D:9      | Noticed a deep elf mage
  7668 | D:9      | Found an iron altar of Okawaru.
  7685 | D:9      | Killed a deep elf mage
  7923 | D:10     | Entered Level 10 of the Dungeon
  8014 | D:10     | Found Jureide's Antique Armour Boutique.
  8091 | D:10     | Reached skill level 11 in Unarmed Combat
  8142 | D:10     | Noticed a two-headed ogre
  8155 | D:10     | Killed a two-headed ogre
  8155 | D:10     | Reached XP level 11. HP: 71/92 MP: 16/16
  8601 | D:10     | Noticed a two-headed ogre
  8609 | D:10     | Killed a two-headed ogre
  8609 | D:10     | Reached skill level 12 in Unarmed Combat
  8770 | D:11     | Found a staircase to the Lair.
  8816 | D:11     | Reached skill level 1 in Shields
  8919 | D:11     | Paralysed by a hornet for 1 turns
  8924 | D:11     | Slain by a hornet

Skill      XL: |  1  2  3  4  5  6  7  8  9 10 11 |
---------------+----------------------------------+-----
Unarmed Combat | 3 4 5 6 8 10 11 12 | 12.1
Stealth        | 3 |  3.0
Evocations     | 4 |  4.0
Invocations    | 1 3 9 |  9.1
Fighting       | 3 4 |  4.0
Crossbows      | 4 |  4.0
Dodging        | 5 9 |  9.1
Shields        | 1 |  1.4

Action                   |  1- 3 |  4- 6 |  7- 9 | 10-12 || total
-------------------------+-------+-------+-------+-------++-------
Melee: Unarmed           |   147 |   269 |   353 |   256 ||  1025
       Punch             |     2 |     5 |    17 |    10 ||    34
 Fire: Hand crossbow     |       |       |    13 |    10 ||    23
Throw: Throwing net      |       |       |     1 |     1 ||     2
Invok: Minor Destruction |       |     4 |    52 |    22 ||    78
       Lesser Servant of |       |       |       |     1 ||     1
 Abil: Heal Wounds       |       |     5 |     2 |     3 ||    10
       Evoke Berserk Rag |       |     5 |     8 |     9 ||    22
Evoke: Wand              |       |     2 |     2 |       ||     4
  Use: Potion            |     3 |     3 |     1 |     4 ||    11
       Scroll            |       |     4 |     1 |     4 ||     9
 Stab: Sleeping          |     7 |     2 |     3 |     6 ||    18
       Distracted        |       |     1 |       |       ||     1
       Paralysed         |       |       |     8 |       ||     8
  Eat: Chunk             |     2 |     7 |    22 |    16 ||    47
       Bread ration      |       |     1 |       |       ||     1
       Fruit             |       |       |     2 |       ||     2
Armor: Robe              |     4 |       |       |       ||     4
       Leather armour    |    19 |    72 |    60 |    62 ||   213
       Skin              |       |       |       |    16 ||    16
Dodge: Dodged            |    79 |   199 |   155 |   247 ||   680
Block: Buckler           |       |       |       |    16 ||    16
